 Dungeon Crawl Stone Soup version 0.26.0-10-g1f06aea511 (webtiles) character file.

Game seed: 8841113878000858872

5964 night the Magician (level 10, -15/76 HPs)
             Began as a Gnoll Fire Elementalist on Jan 22, 2021.
             Was a Follower of Ashenzari.
             Demolished by Snorg (18 damage)
             ... on level 9 of the Dungeon.
             The game lasted 00:33:03 (12412 turns).

night the Magician (Gnoll Fire Elementalist)       Turns: 12412, Time: 00:33:04

Health: -15/76     AC:  6    Str: 11    XL:     10   Next: 84%
Magic:  7/21       EV: 17    Int: 21    God:    Ashenzari [*.....]
Gold:   442        SH:  0    Dex: 15    Spells: 11/24 levels left

rFire    . . .     SeeInvis .   K - +0 trident (flame)
rCold    . . .     Faith    .   (no shield)
rNeg     . . .     Spirit   .   a - +0 robe
rPois    .         Reflect  .   s - +0 hat
rElec    .         Harm     .   f - +1 cloak
rCorr    .         Rampage  .   g - +0 pair of gloves
Will     .....                  (no boots)
Stlth    ++++......             A - amulet of magic regeneration
HPRegen  0.22/turn              (no ring)
MPRegen  0.42/turn              (no ring)

@: no status effects
A: distributed training, fangs 1, strong nose
a: Renounce Religion, Curse Item, Scrying


You were on level 9 of the Dungeon.
You worshipped Ashenzari.
Ashenzari was aware of your devotion.
You visited 1 branch of the dungeon, and saw 10 of its levels.

You collected 478 gold pieces.
You spent 36 gold pieces at shops.

Inventory:

Hand Weapons
 q - a +0 shortbow
 y - a +0 rapier
 K - a +0 trident of flaming (weapon)
Missiles
 o - 95 bolts
 r - 303 stones
 w - 55 poisoned darts
 x - 57 sling bullets
 D - 239 arrows
 E - 4 atropa-tipped darts
 M - 10 boomerangs
Armour
 a - a +0 robe (worn)
 f - a +1 cloak (worn)
 g - a +0 pair of gloves (worn)
 s - a +0 hat (worn)
 v - a +1 ring mail of cold resistance
Jewellery
 A - an amulet of magic regeneration (around neck)
Wands
 u - a wand of flame (50)
 G - a wand of enslavement (9)
Scrolls
 b - 5 scrolls of remove curse
 c - 3 scrolls of identify
 d - 5 scrolls of teleportation
 h - 3 scrolls of fog
 j - 2 scrolls of immolation
 n - a scroll of silence {unknown}
 p - a scroll of blinking {unknown}
 B - 3 scrolls of enchant weapon
 I - a scroll of magic mapping {unknown}
 J - a scroll of noise {unknown}
 L - a scroll of enchant armour {unknown}
Potions
 e - a potion of heal wounds
 i - 2 potions of curing
 k - 4 potions of degeneration
 l - 2 potions of flight
 m - a potion of ambrosia
 t - 4 potions of mutation
 z - 2 potions of attraction
 H - 3 potions of cancellation


   Skills:
 + Level 5.6 Fighting
 + Level 5.6 Short Blades
 + Level 5.6 Long Blades
 + Level 5.6 Axes
 + Level 5.6 Maces & Flails
 + Level 5.6 Polearms
 + Level 5.6 Staves
 + Level 5.6 Slings
 + Level 5.6 Bows
 + Level 5.6 Crossbows
 + Level 5.6 Throwing
 + Level 5.6 Armour
 + Level 7.3 Dodging
 + Level 7.1 Stealth
 + Level 5.6 Shields
 + Level 5.6 Unarmed Combat
 + Level 7.6 Spellcasting
 + Level 5.2 Conjurations
 + Level 4.6 Hexes
 + Level 4.6 Summonings
 + Level 4.6 Necromancy
 + Level 4.6 Translocations
 + Level 4.6 Transmutations
 + Level 7.3 Fire Magic
 + Level 4.6 Ice Magic
 + Level 4.6 Air Magic
 + Level 4.6 Earth Magic
 + Level 4.6 Poison Magic
 + Level 6.2 Invocations
 + Level 5.6 Evocations


You had 11 spell levels left.
You knew the following spells:

 Your Spells              Type           Power        Failure   Level
a - Foxfire               Conj/Fire      100%         1%          1
b - Sticky Flame          Conj/Fire      34%          6%          4
c - Conjure Flame         Conj/Fire      34%          1%          3
d - Fireball              Conj/Fire      17%          17%         5

Your spell library contained the following spells:

 Spells                   Type           Power        Failure   Level
 Corona                   Hex            30%          1%          1
 Slow                     Hex            27%          1%          2
 Inner Flame              Hex/Fire       33%          1%          3
 Portal Projectile        Hex/Tloc       54%          3%          3
 Cause Fear               Hex            13%          12%         4
 Leda's Liquefaction      Hex/Erth       13%          12%         4


Dungeon Overview and Level Annotations

Branches:
Dungeon (10/15)            Temple (0/1) D:7            Lair (0/6) D:9
    Orc: D:9-12

Altars:
Ashenzari
Cheibriados
Hepliaklqana
Kikubaaqudgha
Makhleb
Qazlal
Vehumet
The Shining One

Shops:
D:5 =   D:6 [   D:8 ?

Annotations:
D:5 3 runed translucent doors, dscm's ghost, weakling DsDe
D:7 Arum's ghost, novice FoCj
D:9 Snorg


Innate Abilities, Weirdness & Mutations

Your experience applies equally to all skills.
You have very sharp teeth.
Your uncanny sense of smell can sniff out nearby items.


Message History

Confirm with . or Enter, or press ? or * to list all spells.
Aiming: Sticky Flame (dangerous; 6% risk of failure)
Press: ? - help, Shift-Dir - straight line, f/p - Snorg
Aim: Snorg (severely wounded, berserk, 0% to evade)
The sticky flame hits Snorg.
Snorg is severely wounded.
Snorg is covered in liquid flames!
Snorg burns!
Snorg bites you! Snorg closely misses you. Snorg claws you.
Snorg barely misses you. Snorg misses you. Snorg claws you!
Snorg burns!
Snorg burns!
Snorg closely misses you. Snorg barely misses you. Snorg closely misses you.
Your magical contamination has completely faded away.
Snorg burns!
Snorg burns!
Snorg stops burning.
Snorg bites you.
* * * LOW HITPOINT WARNING * * *
Snorg claws you!!
* * * LOW HITPOINT WARNING * * *
Snorg claws you!!
You die...

..####.##.# #..#.....#.........
#......##.#####..##.##.#.......##
.....####.....#..##.##.........##
###.## #..##.#..##.##.#.........
# #.# #..##.#..##.##.##########
###.# ##.##.#...#.##.#...).....
....# #..#.##.##.##.#.#######.
....# #..#.##.##.##.#.#.#####.
[...######..#.##@##.##.#.#....##.
###...........##T##........)#.##.
# ##########........####.####.##.
# #..##.#### #.......#. #
#..##.########......#.
###########.##..........≈≈.....
#.......# #..#......###..≈≈..##
##.......# ##.#......##..≈≈.....
#........####.#......##...≈≈..#.


You could see Snorg (berserk).

Vanquished Creatures
  A troll (D:9)
  Prince Ribbit (D:8)
  9 yaks
  Eustachio (D:4)
  4 sky beasts
  A necrophage (D:5)
  2 black bears
  An eye of draining (D:9)
  An orc warrior (D:9)
  5 ogres
  6 phantoms
  4 centaurs
  2 big kobolds (D:9)
  3 bullfrogs
  A scorpion (D:4)
  6 killer bees (D:9)
  3 wights (D:7)
  A howler monkey (D:9)
  2 bullfrog zombies (D:5)
  A centaur zombie (D:6)
  7 hounds
  2 orc priests (D:4)
  3 bullfrog skeletons
  An orc wizard (D:7)
  Ijyb (D:3)
  A gnoll shaman (D:6)
  2 worker ants
  Terence (D:2)
  A hound zombie (D:9)
  A hound skeleton (D:6)
  2 worker ant zombies
  3 gnolls (D:6)
  15 adders
  A white imp (D:5)
  3 ufetubi
  An ooze (D:3)
  An adder zombie (D:7)
  2 worms
  3 dart slugs
  7 leopard geckos
  22 orcs
  5 ball pythons
  4 giant cockroaches
  15 goblins
  12 hobgoblins
  7 jackals (D:3)
  14 kobolds
  4 quokkas
  A ball python skeleton (D:4)
  8 bats
  6 frilled lizards
  A jackal zombie (D:5)
  2 quokka skeletons
  A quokka zombie (D:7)
  7 rats
222 creatures vanquished.

Vanquished Creatures (collateral kills)
  3 yaks (D:9)
3 creatures vanquished.

Vanquished Creatures (others)
  660 foxfires
660 creatures vanquished.

Grand Total: 885 creatures vanquished

Notes
Turn   | Place    | Note
-------+----------+-------------------------------------------
     0 | D:1      | night the Gnoll Fire Elementalist began the quest for the
                  | Orb.
     0 | D:1      | Reached XP level 1. HP: 13/13 MP: 6/6
   285 | D:1      | Reached XP level 2. HP: 19/19 MP: 3/7
  1002 | D:1      | Reached XP level 3. HP: 25/25 MP: 7/9
  1205 | D:2      | Reached skill level 5 in Spellcasting
  1272 | D:2      | Reached skill level 1 in Invocations
  1374 | D:2      | Noticed Terence
  1430 | D:2      | Killed Terence
  1431 | D:2      | Reached skill level 1 in Fighting
  1431 | D:2      | Reached skill level 1 in Short Blades
  1431 | D:2      | Reached skill level 1 in Long Blades
  1431 | D:2      | Reached skill level 1 in Axes
  1431 | D:2      | Reached skill level 1 in Maces & Flails
  1431 | D:2      | Reached skill level 1 in Polearms
  1431 | D:2      | Reached skill level 1 in Staves
  1431 | D:2      | Reached skill level 1 in Slings
  1431 | D:2      | Reached skill level 1 in Bows
  1431 | D:2      | Reached skill level 1 in Crossbows
  1431 | D:2      | Reached skill level 1 in Throwing
  1431 | D:2      | Reached skill level 1 in Armour
  1431 | D:2      | Reached skill level 1 in Shields
  1431 | D:2      | Reached skill level 1 in Unarmed Combat
  1431 | D:2      | Reached skill level 1 in Evocations
  1431 | D:2      | Reached XP level 4. HP: 32/32 MP: 3/11
  2040 | D:3      | Reached skill level 1 in Hexes
  2040 | D:3      | Reached skill level 1 in Summonings
  2040 | D:3      | Reached skill level 1 in Necromancy
  2040 | D:3      | Reached skill level 1 in Translocations
  2040 | D:3      | Reached skill level 1 in Transmutations
  2040 | D:3      | Reached skill level 1 in Ice Magic
  2040 | D:3      | Reached skill level 1 in Air Magic
  2040 | D:3      | Reached skill level 1 in Earth Magic
  2040 | D:3      | Reached skill level 1 in Poison Magic
  2109 | D:3      | Learned a level 4 spell: Sticky Flame
  2579 | D:3      | Noticed Ijyb
  2615 | D:3      | Killed Ijyb
  2616 | D:3      | Reached XP level 5. HP: 16/37 MP: 0/12
  3532 | D:4      | Noticed Eustachio
  3543 | D:4      | Reached XP level 6. HP: 37/44 MP: 6/13
  3921 | D:4      | Killed Eustachio
  3922 | D:4      | Reached skill level 5 in Dodging
  4307 | D:4      | Reached XP level 7. HP: 49/50 MP: 15/15
  4665 | D:4      | Learned a level 3 spell: Conjure Flame
  4718 | D:4      | Found an ancient bone altar of Kikubaaqudgha.
  4720 | D:4      | Found a burning altar of Makhleb.
  4721 | D:4      | Found a broken altar of Ashenzari.
  4735 | D:4      | Became a worshipper of Ashenzari the Shackled
  5070 | D:5      | Entered Level 5 of the Dungeon
  5111 | D:5      | Found a glowing golden altar of the Shining One.
  5196 | D:5      | Found a runed translucent gate.
  5197 | D:5      | Found a runed translucent gate.
  5197 | D:5      | Found a runed translucent gate.
  5199 | D:5      | Noticed dscm's ghost (weakling DsDe)
  5272 | D:5      | Reached skill level 5 in Stealth
  5760 | D:4      | Learned a level 5 spell: Fireball
  5841 | D:5      | Reached XP level 8. HP: 57/57 MP: 10/16
  5897 | D:5      | Found Siatoos's Jewellery Shoppe.
  6023 | D:5      | Found a snail-covered altar of Cheibriados.
  6585 | D:6      | Found Poeh's Antique Armour Shoppe.
  7396 | D:7      | Found a radiant altar of Vehumet.
  7611 | D:7      | Reached XP level 9. HP: 65/65 MP: 15/18
  7698 | D:7      | Found a hazy altar of Hepliaklqana.
  7793 | D:7      | Found a transporter.
  7793 | D:7      | Noticed Arum's ghost (novice FoCj)
  8140 | D:7      | Reached * piety under Ashenzari
  8142 | D:7      | Found a transporter.
  8198 | D:7      | Found a staircase to the Ecumenical Temple.
  8853 | D:8      | Found Sucsid's Magic Scroll Shop.
  8860 | D:8      | Bought a scroll of teleportation for 36 gold pieces
  9260 | D:8      | Noticed Prince Ribbit
  9442 | D:8      | Killed Prince Ribbit
  9443 | D:8      | Reached skill level 5 in Invocations
 10052 | D:9      | Found a stormy altar of Qazlal.
 10087 | D:9      | Found a staircase to the Lair.
 10269 | D:9      | Reached XP level 10. HP: 56/73 MP: 2/20
 10635 | D:9      | Reached skill level 5 in Fighting
 10635 | D:9      | Reached skill level 5 in Short Blades
 10635 | D:9      | Reached skill level 5 in Long Blades
 10635 | D:9      | Reached skill level 5 in Axes
 10635 | D:9      | Reached skill level 5 in Maces & Flails
 10635 | D:9      | Reached skill level 5 in Polearms
 10635 | D:9      | Reached skill level 5 in Staves
 10635 | D:9      | Reached skill level 5 in Slings
 10635 | D:9      | Reached skill level 5 in Bows
 10635 | D:9      | Reached skill level 5 in Crossbows
 10635 | D:9      | Reached skill level 5 in Throwing
 10635 | D:9      | Reached skill level 5 in Armour
 10635 | D:9      | Reached skill level 5 in Shields
 10635 | D:9      | Reached skill level 5 in Unarmed Combat
 10635 | D:9      | Reached skill level 5 in Evocations
 10858 | D:10     | Entered Level 10 of the Dungeon
 11665 | D:9      | Reached skill level 5 in Conjurations
 11812 | D:10     | Noticed a boulder beetle
 12391 | D:10     | Noticed Snorg
 12412 | D:9      | HP: 3/76 [Snorg (19)]
 12412 | D:9      | Demolished by Snorg

Illustrated notes

Levels and vault maps discovered:
D:1:      minmay_arrival_nine_rooms, layout_basic, roderic_lattice_a
D:2:      layout_basic, st_stairs_6, uniq_terence
D:3:      kennysheep_goblin_castle, layout_loops_ring, serial_forest,
          infiniplex_forest_straight_5, infiniplex_forest_lined_room_2,
          infiniplex_forest_pool, infiniplex_forest_clump_curved,
          infiniplex_forest_lined_2, infiniplex_forest_end_1
D:4:      layout_basic, grunt_temple_overflow_open, minmay_snake_closets,
          uniq_eustachio
D:5:      layout_basic, kennysheep_slug_shrine, nicolae_tso_swordbearing_angel,
          gammafunk_ghost_necromancy, kennysheep_small_circle
D:6:      layout_loops_ring, serial_shops, shop_fountains
D:7:      layout_loops_cross, vehumet_crystals, nzn_hepliaklqana_mist_gate,
          minmay_temple_entry_fiery, gammafunk_ghost_mausoleum,
          grunt_decor_mini_mirrors
D:8:      layout_basic, serial_shops, nicolae_shop_trees, uniq_prince_ribbit1
D:9:      layout_basic, nicolae_qazlal_general_emergency, lair_entry_dummy,
          minivault_1, dk_vineyard_3
D:10:     layout_basic, nzn_sisyphean_effort, uniq_snorg

Skill      XL: |  1  2  3  4  5  6  7  8  9 10 |
---------------+-------------------------------+-----
Conjurations   | 2 3 4 5 |  5.2
Spellcasting   | 5 6 7 |  7.6
Invocations    | 1 2 3 4 5 6 |  6.2
Fighting       | 1 2 3 4 5 |  5.6
Short Blades   | 1 2 3 4 5 |  5.6
Long Blades    | 1 2 3 4 5 |  5.6
Axes           | 1 2 3 4 5 |  5.6
Maces & Flails | 1 2 3 4 5 |  5.6
Polearms       | 1 2 3 4 5 |  5.6
Staves         | 1 2 3 4 5 |  5.6
Slings         | 1 2 3 4 5 |  5.6
Bows           | 1 2 3 4 5 |  5.6
Crossbows      | 1 2 3 4 5 |  5.6
Throwing       | 1 2 3 4 5 |  5.6
Armour         | 1 2 3 4 5 |  5.6
Shields        | 1 2 3 4 5 |  5.6
Unarmed Combat | 1 2 3 4 5 |  5.6
Evocations     | 1 2 3 4 5 |  5.6
Hexes          | 1 2 3 4 |  4.6
Summonings     | 1 2 3 4 |  4.6
Necromancy     | 1 2 3 4 |  4.6
Translocations | 1 2 3 4 |  4.6
Transmutations | 1 2 3 4 |  4.6
Ice Magic      | 1 2 3 4 |  4.6
Air Magic      | 1 2 3 4 |  4.6
Earth Magic    | 1 2 3 4 |  4.6
Poison Magic   | 1 2 3 4 |  4.6
Dodging        | 5 6 7 |  7.3
Stealth        | 5 6 7 |  7.1
Fire Magic     | 6 7 |  7.3

Action                   |  1- 3 |  4- 6 |  7- 9 | 10-12 || total
-------------------------+-------+-------+-------+-------++-------
Melee: Unarmed           |     1 |     1 |       |       ||     2
       Rapier            |       |    41 |    64 |       ||   105
       Bite              |       |     4 |    12 |     2 ||    18
       Punch             |       |     1 |     1 |       ||     2
       Trident           |       |       |    79 |    46 ||   125
 Cast: Foxfire           |    47 |   101 |   194 |    55 ||   397
       Sticky Flame      |       |     1 |     8 |    19 ||    28
       Conjure Flame     |       |       |     9 |     2 ||    11
       Fireball          |       |       |     5 |     9 ||    14
Evoke: Wand              |       |       |       |     2 ||     2
  Use: Potion            |       |     5 |     1 |       ||     6
       Scroll            |       |       |    13 |       ||    13
 Stab: Sleeping          |       |     4 |     7 |     1 ||    12
       Betrayed ally     |       |       |       |     1 ||     1
Armor: Robe              |       |     2 |    17 |    20 ||    39
       Ring mail         |       |    22 |    30 |       ||    52
       Skin              |       |    17 |       |       ||    17
Dodge: Dodged            |     6 |    38 |   200 |    93 ||   337
